 Dungeon Crawl Stone Soup version 0.22-a0-448-g1fb7470 (webtiles) character file.

4377 kongx8 the Destroyer (level 10, -1/89 HPs)
             Began as a Black Draconian Conjurer on June 5, 2018.
             Was a Believer of Vehumet.
             Slain by a hippogriff (8 damage)
             ... on level 8 of the Dungeon.
             The game lasted 01:08:01 (14145 turns).

kongx8 the Destroyer (Black Draconian Conjurer)    Turns: 14145, Time: 01:08:01

Health: -1/89      AC:  7    Str: 11 (12) XL:     10   Next: 13%
Magic:  2/17       EV: 14    Int: 22 (23) God:    Vehumet [**....]
Gold:   340        SH:  0    Dex:  8 (11) Spells: 8/19 levels left

rFire    . . .     SeeInvis .   a - +1 trident (venom)
rCold    . . .     Gourm    .   (no shield)
rNeg     . . .     Faith    .   (armour unavailable)
rPois    .         Spirit   .   (helmet restricted)
rElec    +         Reflect  .   (no cloak)
rCorr    .         Harm     .   (no gloves)
MR       .....                  (no boots)
Stlth    ++........             (no amulet)
HPRegen  0.24/turn              o - ring of wizardry
MPRegen  0.15/turn              z - ring of flight

@: brilliant, lethally poisoned (-1 -> -1), about to teleport, flying
A: breathe lightning, unfitting armour, electricity resistance, cold-blooded, AC
+7
a: Breathe Lightning, Renounce Religion


You were on level 8 of the Dungeon.
You worshipped Vehumet.
Vehumet was pleased with you.
You were not hungry.

You visited 1 branch of the dungeon, and saw 8 of its levels.

You collected 379 gold pieces.
You spent 39 gold pieces at shops.

Inventory:

Hand Weapons
 a - a +1 trident of venom (weapon)
 f - a +0 short sword
Armour
 i - a +0 scale mail
Jewellery
 l - an uncursed amulet of harm
 o - a ring of wizardry (left hand)
 x - an uncursed amulet of guardian spirit
 z - a ring of flight (right hand)
Scrolls
 d - a scroll of noise
 e - 6 scrolls of identify
 g - a scroll of amnesia {unknown}
 k - 2 scrolls of blinking {unknown}
 m - a scroll of enchant weapon
 n - a scroll of magic mapping
 q - 2 scrolls of immolation {unknown}
 s - a scroll of remove curse {unknown}
 u - 2 scrolls of random uselessness {unknown}
 w - a scroll of enchant armour {unknown}
 y - a scroll of fear {unknown}
Potions
 c - a potion of lignification
 h - a potion of degeneration
 j - a potion of agility {unknown}
 p - a potion of berserk rage {unknown}
 t - 2 potions of brilliance
 v - a potion of flight
Comestibles
 b - 12 rations


   Skills:
 * Level 8.3 Fighting
 * Level 7.2 Dodging
 - Level 1.7 Stealth
 + Level 5.1 Spellcasting
 * Level 8.7 Conjurations
 + Level 3.7 Translocations


You had 8 spell levels left.
You knew the following spells:

 Your Spells              Type           Power        Failure   Level  Hunger
a - Magic Dart            Conj           ####         1%          1    None
b - Searing Ray           Conj           ######       1%          2    None
c - Iskenderun's Mystic   Conj           ######..     1%          4    ####...
d - Force Lance           Conj/Tloc      #####...     1%          4    ####...

Your spell library contained the following spells:

 Spells                   Type           Power        Failure   Level  Hunger
 Confuse                  Hex            ###.....     3%          3    ##.....
 Confusing Touch          Hex            ###...       1%          1    None
 Metabolic Englaciation   Hex/Ice        ###.......   26%         5    #####..
 Petrify                  Tmut/Erth      ###.....     11%         4    ####...
 Fulminant Prism          Conj/Hex       #####.....   2%          4    ####...
 Dazzling Spray           Conj/Hex       #####.       1%          3    ##.....
 Gell's Gravitas          Tloc           #####.....   1%          3    ##.....
 Yara's Violent Unravell  Hex/Tmut       ###.......   26%         5    #####..


Dungeon Overview and Level Annotations

Branches:
Dungeon (8/15)             Temple (0/1) D:5            Lair (0/6) D:8

Altars:
Elyvilon
Fedhas
Nemelex Xobeh
Ru
Vehumet
Xom

Shops:
D:7 !

Annotations:
D:4 Maxmaps's ghost, novice FoFi
D:8 fooot's ghost, novice DDEE


Innate Abilities, Weirdness & Mutations

You can breathe wild blasts of lightning.
Your glossy black scales are hard. (AC +7)
You cannot fit into any form of body armour.
You are resistant to electric shocks. (rElec)
You are cold-blooded and may be slowed by cold attacks.


Message History

The bullfrog zombie closely misses you.
A hippogriff comes into view.
The bullfrog zombie closely misses you.
The killer bee moves out of view.
It was a potion of brilliance.
You feel clever all of a sudden.
The bullfrog zombie completely misses you.
It was a potion of flight.
You feel very buoyant.
You fly up into the air.
You feel sick. The bullfrog zombie barely misses you.
It was a potion of degeneration.
There was something very wrong with that liquid.
You feel weakened.
You feel dopey.
You feel clumsy. The bullfrog zombie barely misses you.
The hippogriff barely misses you. The hippogriff closely misses you.
The hippogriff misses you. The bullfrog zombie closely misses you.
As you read the scroll of teleportation, it crumbles to dust.
You feel strangely unstable.
The hippogriff bites you but does no damage.
The hippogriff pecks you!
You die...

#.##..).####...(.#.
#.#####.((.........
...####.######..##...##
;P........<...)......#
≈.....#........###...#
P≈PY..######........##
≈♣.#. #yy†#........ .P
.. #Z###..#...... W ..
#@# #.####.#### .##
#H....# .# ....### .#
.....# ..###.# ... ..
.##. ... .. # ....


You could see a hippogriff, 2 killer bees and a bullfrog zombie.

Vanquished Creatures
  A two-headed ogre (D:8)
  The ghost of Blaze2fame the Cudgeler, a novice DsBe of Trog (D:7)
  A hornet (D:7)
  Prince Ribbit (D:5)
  Duvessa (D:7)
  An orc warrior (D:6)
  A sky beast (D:8)
  3 ice beasts
  5 ogres
  3 centaurs
  A big kobold (D:8)
  3 bullfrogs (D:7)
  Dowan (D:7)
  4 scorpions
  5 killer bees (D:7)
  2 howler monkeys (D:8)
  A crimson imp (D:6)
  A bullfrog zombie (D:5)
  2 gnoll shamans
  A bullfrog skeleton (D:8)
  An orc priest (D:6)
  A centaur skeleton (D:4)
  2 hounds
  An iguana (D:4)
  Terence (D:3)
  6 worker ants
  6 orc wizards
  A worker ant zombie (D:7)
  9 adders
  6 gnolls
  A shadow imp (D:5)
  An ooze (D:1)
  An adder zombie (D:5)
  An adder skeleton (D:5)
  4 worms
  4 dart slugs
  5 leopard geckos
  20 orcs
  2 ball pythons
  5 giant cockroaches
  4 goblins
  5 hobgoblins
  8 jackals
  5 quokkas
  6 bats
  5 frilled lizards
  8 kobolds
  10 rats
168 creatures vanquished.

Notes
Turn   | Place    | Note
-------+----------+-------------------------------------------
     0 | D:1      | kongx8 the Draconian Conjurer began the quest for the Orb.
     0 | D:1      | Reached XP level 1. HP: 14/14 MP: 3/3
   383 | D:1      | Reached XP level 2. HP: 22/22 MP: 1/5
   447 | D:1      | Reached skill level 1 in Fighting
  1057 | D:1      | Reached XP level 3. HP: 26/28 MP: 2/6
  1410 | D:2      | Learned a level 2 spell: Searing Ray
  1745 | D:2      | Reached XP level 4. HP: 36/36 MP: 4/7
  2703 | D:3      | Noticed Terence
  2730 | D:3      | Killed Terence
  2869 | D:3      | Reached XP level 5. HP: 37/44 MP: 1/8
  2952 | D:3      | Found a shimmering altar of Xom.
  2952 | D:3      | Found a sparkling altar of Nemelex Xobeh.
  3553 | D:3      | Found a radiant altar of Vehumet.
  3563 | D:3      | Became a worshipper of Vehumet
  3913 | D:4      | Reached skill level 5 in Conjurations
  4047 | D:4      | Noticed an ogre
  4059 | D:4      | Killed an ogre
  4059 | D:4      | Reached XP level 6. HP: 51/51 MP: 1/10
  4283 | D:4      | Noticed Maxmaps's ghost (novice FoFi)
  4910 | D:4      | Learned a level 4 spell: Iskenderun's Mystic Blast
  5972 | D:5      | Entered Level 5 of the Dungeon
  6062 | D:5      | Found a staircase to the Ecumenical Temple.
  6072 | D:5      | Your scales start taking on a glossy black colour.
  6072 | D:5      | Reached XP level 7. HP: 58/59 MP: 7/11
  6072 | D:5      | Gained mutation: You are resistant to electric shocks. (rElec) [Black Draconian growth]
  6981 | D:5      | Reached * piety under Vehumet
  6981 | D:5      | Offered knowledge of Sting by Vehumet.
  6996 | D:5      | Reached skill level 5 in Fighting
  7222 | D:5      | Noticed Prince Ribbit
  7233 | D:5      | Killed Prince Ribbit
  7233 | D:5      | Reached XP level 8. HP: 64/69 MP: 8/13
  7375 | D:5      | Learned a level 4 spell: Force Lance
  7480 | D:5      | Reached skill level 5 in Dodging
  7617 | D:5      | Found a white marble altar of Elyvilon.
  8436 | D:6      | Reached skill level 1 in Translocations
  8712 | D:6      | Found a sacrificial altar of Ru.
  9124 | D:6      | Found a blossoming altar of Fedhas.
 10073 | D:7      | Found Healete's Distillery.
 10279 | D:7      | Noticed Blaze2fame's ghost (novice DsBe)
 10343 | D:7      | Noticed a hornet
 10356 | D:7      | Paralysed by a hornet for 2 turns
 10358 | D:7      | Killed a hornet
 10358 | D:7      | Reached XP level 9. HP: 29/78 MP: 1/15
 10960 | D:7      | Bought a potion of curing for 39 gold pieces
 11329 | D:7      | HP: 1/78 [Blaze2fame's ghost (6)]
 12408 | D:7      | Noticed Dowan
 12435 | D:7      | Killed Dowan
 12598 | D:7      | Killed Blaze2fame's ghost
 13185 | D:7      | Noticed Duvessa
 13199 | D:7      | Killed Duvessa
 13533 | D:8      | Found a staircase to the Lair.
 13659 | D:8      | Noticed a two-headed ogre
 14027 | D:8      | Noticed fooot's ghost (novice DDEE)
 14069 | D:8      | Reached skill level 5 in Spellcasting
 14115 | D:8      | Reached ** piety under Vehumet
 14115 | D:8      | Offered knowledge of Sandblast by Vehumet.
 14121 | D:8      | Noticed a two-headed ogre
 14125 | D:8      | HP: 1/81 [two-headed ogre/giant club (28)]
 14127 | D:8      | Killed a two-headed ogre
 14127 | D:8      | Reached XP level 10. HP: 19/88 MP: 7/17
 14145 | D:8      | Slain by a hippogriff

Vault maps used:
D:1:      onia_arrival_pyramid
D:2:      first_ration
D:3:      vehumet_crystals, gammafunk_temple_overflow_statue,
          minmay_curled_crystal, minivault_14, uniq_terence
D:4:      hangedman_abyss_or_decor_jellyfish_corner
D:5:      elyvilon_altar_3, temple_pool_b, grunt_ministairs_7,
          uniq_prince_ribbit1
D:6:      nicolae_ru_awakened_eye, minmay_fountain_box, fedhas_altar_2
D:7:      serial_shops, shop, grunt_ogre_cave, uniq_duvessa
D:8:      lair_entry_dummy, serial_shops, nicolae_shop_trees,
          serial_bayou_pond_b

Skill      XL: |  1  2  3  4  5  6  7  8  9 |
---------------+----------------------------+-----
Dodging        | 2 3 4 5 7 |  7.2
Fighting       | 1 2 3 4 5 6 8 |  8.3
Conjurations   | 5 6 7 8 |  8.7
Spellcasting   | 3 4 5 |  5.1
Translocations | 2 3 |  3.7
Stealth        | |  1.7

Action                   |  1- 3 |  4- 6 |  7- 9 | 10-12 || total
-------------------------+-------+-------+-------+-------++-------
Melee: Unarmed           |     7 |       |       |       ||     7
       Tailslap          |     3 |     6 |    12 |       ||    21
       Short sword       |    27 |    35 |       |       ||    62
       Trident           |       |    38 |   171 |     2 ||   211
 Cast: Magic Dart        |    50 |   102 |   122 |     9 ||   283
       Searing Ray       |     1 |    13 |    17 |       ||    31
       Iskenderun's Myst |       |     2 |    26 |     1 ||    29
       Force Lance       |       |       |     9 |       ||     9
 Abil: Breathe Lightning |       |       |    15 |       ||    15
  Use: Potion            |       |     2 |     1 |     4 ||     7
       Scroll            |       |     3 |     8 |     1 ||    12
  Eat: Chunk             |     3 |     9 |     8 |       ||    20
       Ration            |       |     2 |     8 |       ||    10
Armor: Skin              |    12 |    36 |    83 |     4 ||   135
Dodge: Dodged            |    23 |    85 |   227 |    14 ||   349

Table legend:
 A = Spawn XP
 B = Non-spawn XP
 C = Spawn XP percentage of total XP
 D = Spawn monster count
 E = Non-spawn monster count
 F = Spawn count percentage of total count
 G = Total turns spent on level
                    A         B        C        D         E        F      G
               +---------+---------+-------+---------+---------+-------+---------
         Total |       0 |    6254 |   0.0 |       0 |     168 |   0.0 | 14145
               +---------+---------+-------+---------+---------+-------+---------
           D:1 |       0 |      44 |   0.0 |       0 |      22 |   0.0 |  1367
           D:2 |       0 |      70 |   0.0 |       0 |      19 |   0.0 |  1252
           D:3 |       0 |     140 |   0.0 |       0 |      29 |   0.0 |  1966
           D:4 |       0 |     464 |   0.0 |       0 |      16 |   0.0 |  1387
           D:5 |       0 |    1157 |   0.0 |       0 |      29 |   0.0 |  2447
           D:6 |       0 |     674 |   0.0 |       0 |      18 |   0.0 |  2356
           D:7 |       0 |    2295 |   0.0 |       0 |      23 |   0.0 |  3235
           D:8 |       0 |    1410 |   0.0 |       0 |      12 |   0.0 |   135
               +---------+---------+-------+---------+---------+-------+---------
